Map: Arctic Dream LE

Players

REDARMY - Winner!

  • Race: Terran Terran
  • League: Diamond
  • Spawn Location: 11:00

Nicklan - Winner!

  • Race: Terran Terran
  • Spawn Location: 12:00

qqq

  • Race: Protoss Protoss
  • League: Platinum
  • Spawn Location: 5:00

Massa

  • Race: Terran Terran
  • League: Platinum
  • Spawn Location: 6:00

VOD

Have the link to the VOD?

Description

Time

  • Played on: Dec. 23, 2020, 1:10 p.m.
  • Length: 12:58
Show
View Real Time Build Order
Export as new Build Order

REDARMY Terran - Winner!

Build Orders: Reaper Expand 

Get SALT Encoding   

  12  0:01  SCV  
  13  0:13  SCV  
  14  0:19  Supply Depot  
  14  0:25  SCV  
  15  0:40  SCV  
  15  0:41  Barracks  
  16  0:47  Refinery  
  16  0:53  SCV  
  17  1:05  SCV  
  18  1:17  SCV  
  19  1:29  Orbital Command  
  19  1:31  Reaper  
  20  1:42  Command Center  
  20  1:54  Supply Depot  
  20  1:55  SCV  
  21  2:03  Marine  
  21  2:07  SCV  
  23  2:14  Factory  
  23  2:15  Refinery  
  23  2:20  SCV  
  23  2:22  Marine  
  25  2:32  SCV  
  26  2:43  Marine  
  27  2:44  SCV  
  28  2:56  Orbital Command, SCV  
  29  3:02  Starport  
  29  3:04  Factory Tech Lab  
  29  3:09  SCV  
  30  3:21  SCV  
  30  3:22  SCV  
  32  3:30  Siege Tank  
  32  3:31  Marine  
  32  3:33  SCV  
  37  3:35  SCV  
  38  3:42  Fusion Core  
  38  3:44  Refinery  
  38  3:45  SCV  
  38  3:47  Refinery, SCV  
  40  3:51  Supply Depot  
  40  3:52  Marine  
  41  3:57  SCV, Bunker  
  41  3:59  Starport Tech Lab, SCV  
  43  4:04  Cyclone  
  46  4:13  SCV x2  
  46  4:16  Engineering Bay  
  48  4:25  SCV x2  
  50  4:35  Supply Depot  
  50  4:36  Cyclone  
  50  4:37  SCV x2  
  55  4:44  Missile Turret  
  55  4:49  SCV x2, Missile Turret  
  57  4:54  Missile Turret  
  57  4:58  Battlecruiser  
  63  5:01  SCV  
  63  5:02  SCV  
  65  5:12  Weapon Refit  
  65  5:13  SCV  
  66  5:14  SCV  
  67  5:26  SCV x2, Missile Turret  
  69  5:29  Supply Depot  
  69  5:36  Cyclone  
  69  5:38  SCV  
  69  5:39  SCV  
  74  5:50  SCV  
  74  5:51  SCV  
  74  5:56  Supply Depot  
  76  6:03  Battlecruiser  
  81  6:07  SCV  
  81  6:08  SCV  
  83  6:15  Command Center  
  83  6:20  Supply Depot  
  83  6:24  Supply Depot  
  83  6:29  Starport  
  83  6:31  Starport, Armory  
  83  6:32  Armory  
  83  6:33  SCV x2  
  83  6:35  Missile Turret  
  83  6:38  Missile Turret  
  85  6:45  SCV, Supply Depot  
  86  6:58  Supply Depot  
  86  7:07  Starport Tech Lab  
  86  7:11  Starport Tech Lab  
  86  7:18  Battlecruiser  
  86  7:22  Terran Vehicle And Ship Armor Level 1  
  92  7:23  Terran Ship Weapons Level 1  
  92  7:27  Neosteel Armor  
  92  7:30  Missile Turret  
  92  7:35  Command Center  
  92  7:50  Battlecruiser  
  98  7:52  Refinery  
  98  7:57  SCV  
  98  7:58  Refinery, SCV  
  100  8:01  Missile Turret  
  100  8:02  Missile Turret  
  100  8:03  Planetary Fortress  
  100  8:05  Missile Turret  
  100  8:09  SCV, Missile Turret  
  100  8:10  SCV  
  102  8:22  SCV x2  
  102  8:23  Missile Turret  
  104  8:29  Battlecruiser  
  104  8:34  SCV x2  
  112  8:46  SCV x2  
  112  8:47  SCV x2  
  116  8:53  Battlecruiser  
  116  8:54  Missile Turret  
  122  8:57  Missile Turret  
  122  8:58  SCV x2  
  122  9:00  Missile Turret  
  122  9:01  Missile Turret  
  124  9:05  Missile Turret  
  124  9:06  Missile Turret  
  124  9:08  Missile Turret  
  124  9:10  SCV  
  125  9:24  Battlecruiser  
  125  9:27  Supply Depot  
  125  9:31  Terran Vehicle And Ship Armor Level 2  
  125  9:32  Terran Ship Weapons Level 2  
  125  9:39  SCV x3  
  128  9:52  Supply Depot  
  128  9:54  Battlecruiser  
  128  9:58  Refinery  
  128  9:59  Missile Turret  
  134  10:01  Missile Turret  
  134  10:04  Refinery, Missile Turret x2  
  134  10:10  Battlecruiser  
  140  10:18  Command Center, Missile Turret  
  140  10:24  Missile Turret  
  140  10:27  Planetary Fortress  
  140  10:42  Battlecruiser  
  143  11:02  Battlecruiser  
  149  11:06  Missile Turret  
  149  11:08  Missile Turret x2  
  149  11:13  Missile Turret  
  149  11:17  Battlecruiser  
  148  11:46  Battlecruiser  
Show
View Real Time Build Order
Export as new Build Order

Nicklan Terran - Winner!

Build Orders: Reaper Expand 

Get SALT Encoding   

  12  0:04  SCV  
  13  0:16  SCV  
  13  0:20  Supply Depot  
  14  0:28  SCV  
  15  0:41  SCV  
  16  0:43  Barracks  
  16  0:48  Refinery  
  16  0:53  SCV  
  17  1:06  SCV  
  18  1:18  SCV  
  19  1:31  Orbital Command  
  19  1:34  Reaper  
  20  1:50  Command Center  
  20  2:01  SCV  
  21  2:13  SCV  
  22  2:18  Refinery  
  22  2:20  Barracks Tech Lab  
  22  2:25  Supply Depot  
  22  2:31  SCV, Factory  
  23  2:46  SCV  
  23  2:47  Marauder  
  26  3:02  SCV  
  27  3:14  SCV  
  27  3:16  Starport  
  28  3:31  SCV  
  29  3:34  Supply Depot  
  29  3:35  Siege Tank  
  29  3:38  Barracks Reactor  
  32  3:43  SCV, Command Center  
  32  3:45  Orbital Command  
  33  3:55  SCV  
  34  4:07  SCV  
  34  4:09  Cyclone  
  38  4:12  Supply Depot  
  38  4:14  SCV  
  38  4:15  Refinery  
  37  4:17  Refinery  
  37  4:19  SCV  
  38  4:26  SCV  
  39  4:33  Viking x2  
  39  4:38  Barracks Tech Lab  
  43  4:45  Factory, Engineering Bay  
  43  4:49  SCV x2  
  45  5:01  Cyclone  
  45  5:02  Mag-Field Accelerator  
  48  5:07  Viking  
  50  5:24  Missile Turret  
  50  5:27  Missile Turret  
  50  5:29  Missile Turret  
  50  5:34  Missile Turret  
  50  5:36  Missile Turret  
  50  5:40  SCV x2  
  52  5:46  Missile Turret  
  52  5:48  Missile Turret  
  52  5:53  Supply Depot  
  52  5:57  Cyclone x2  
  58  6:05  Viking  
  58  6:09  Viking  
  62  6:13  Supply Depot  
  62  6:17  Supply Depot  
  62  6:33  Cyclone  
  62  6:34  Cyclone  
  62  6:38  Supply Depot  
  69  6:40  SCV x2  
  70  6:52  SCV x2  
  72  6:59  Supply Depot  
  72  7:00  Viking  
  74  7:06  Cyclone x2, Viking  
  82  7:14  SCV x2  
  84  7:26  SCV x2  
  86  7:36  Armory  
  86  7:38  Cyclone x2, SCV x2  
  74  8:10  SCV, Factory x2  
  74  8:11  Factory  
  75  8:15  SCV, Factory  
  75  8:19  Barracks Reactor  
  76  8:23  SCV, Cyclone x2  
  76  8:24  Viking x2  
  87  8:27  SCV  
  88  8:36  Planetary Fortress  
  88  8:40  Missile Turret  
  88  8:55  Cyclone x2  
  94  8:57  Supply Depot  
  94  8:58  Supply Depot  
  94  8:59  Supply Depot  
  94  9:03  Missile Turret  
  88  9:26  Missile Turret  
  88  9:27  Terran Vehicle And Ship Armor Level 1  
  88  9:29  Drilling Claws  
  88  9:30  Factory Reactor  
  88  9:31  Factory Tech Lab x2  
  88  9:33  Widow Mine  
  88  9:34  Widow Mine, Cyclone x2  
  89  10:13  SCV x3  
  92  10:19  Refinery  
  92  10:23  Refinery  
  92  10:25  Widow Mine x3, SCV x3  
  92  10:28  Widow Mine, Missile Turret  
  103  10:29  Missile Turret x2  
  103  10:30  Missile Turret  
  103  10:31  Missile Turret x2  
  103  10:32  Missile Turret x2  
  103  10:37  SCV x2  
  105  10:48  Widow Mine x3, Cyclone x3  
  105  10:49  Cyclone  
  123  10:50  Missile Turret  
  123  10:52  Missile Turret x2  
  121  11:25  Widow Mine  
  121  11:26  Widow Mine x3  
  121  11:27  Cyclone x4  
  134  11:59  Cyclone  
  134  12:01  Widow Mine x2  
  141  12:22  Siege Tank  
Show
View Real Time Build Order
Export as new Build Order

qqq Protoss 

Build Orders: 1 Gate Expand 

Get SALT Encoding   

  12  0:06  Probe  
  13  0:14  Pylon  
  13  0:18  Probe  
  14  0:30  Probe  
  15  0:36  Gateway  
  15  0:42  Probe  
  16  0:54  Probe  
  17  1:06  Probe  
  18  1:27  Cybernetics Core  
  18  1:31  Probe  
  19  1:35  Nexus  
  19  1:44  Pylon  
  19  1:55  Probe (Chrono Boost)  
  19  1:57  Assimilator  
  19  1:59  Assimilator  
  20  2:06  Probe (Chrono Boost)  
  21  2:11  Probe (Chrono Boost)  
  22  2:21  Probe (Chrono Boost)  
  22  2:31  Probe (Chrono Boost)  
  22  2:32  Stalker  
  22  2:36  Probe (Chrono Boost)  
  26  2:48  Probe (Chrono Boost)  
  27  2:53  Probe (Chrono Boost)  
  28  3:03  Probe  
  28  3:04  Nexus  
  29  3:14  Probe, Forge  
  29  3:15  Probe  
  29  3:17  Pylon  
  31  3:26  Probe  
  32  3:27  Probe  
  32  3:29  Stargate  
  33  3:36  Stargate  
  33  3:49  Pylon  
  33  3:51  Photon Cannon  
  33  3:55  Photon Cannon  
  32  4:03  Stalker  
  32  4:04  Probe x2  
  36  4:14  Phoenix  
  38  4:21  Probe x3  
  41  4:33  Photon Cannon, Stalker  
  41  4:38  Phoenix  
  45  4:39  Probe  
  45  4:40  Probe  
  45  4:43  Assimilator  
  47  4:47  Probe  
  47  4:48  Assimilator  
  47  4:51  Probe  
  49  4:57  Phoenix  
  51  5:00  Probe x2  
  51  5:03  Zealot  
  51  5:05  Probe  
  56  5:12  Probe x2  
  58  5:15  Robotics Facility  
  58  5:19  Pylon  
  58  5:22  Phoenix  
  58  5:24  Probe  
  61  5:32  Phoenix  
  61  5:34  Probe  
  64  5:41  Protoss Air Weapons Level 1  
  64  5:45  Probe (Chrono Boost)  
  66  5:52  Probe (Chrono Boost)  
  66  5:55  Probe (Chrono Boost)  
  67  6:00  Probe (Chrono Boost)  
  67  6:03  Fleet Beacon  
  68  6:05  Pylon  
  68  6:07  Photon Cannon  
  68  6:08  Phoenix  
  70  6:11  Probe  
  70  6:16  Observer  
  72  6:24  Probe, Assimilator  
  73  6:26  Assimilator  
  73  6:32  Phoenix  
  75  6:36  Probe, Phoenix  
  75  6:38  Observer  
  79  6:42  Pylon  
  79  6:45  Twilight Council, Pylon  
  79  6:48  Probe  
  80  7:00  Probe  
  81  7:01  Phoenix  
  81  7:03  Anion Pulse-Crystals  
  83  7:12  Probe  
  84  7:20  Nexus  
  84  7:24  Probe, Photon Cannon  
  84  7:26  Photon Cannon  
  85  7:30  Photon Cannon  
  85  7:36  Probe, Photon Cannon  
  86  7:37  Shield Battery  
  86  7:38  Pylon  
  84  7:48  Probe  
  81  7:56  Carrier x2  
  88  8:10  Stargate  
  88  8:15  Probe  
  89  8:24  Pylon  
  89  8:28  Probe  
  89  8:29  Protoss Air Armor Level 1  
  90  8:35  Pylon  
  90  8:40  Probe  
  92  8:41  Probe  
  92  8:48  Pylon  
  92  8:52  Probe, Pylon  
  92  8:53  Probe  
  94  9:00  Phoenix x2  
  98  9:04  Probe  
  98  9:05  Probe  
  100  9:16  Probe  
  95  9:17  Probe  
  95  9:21  Carrier  
  99  9:24  Tempest  
  99  9:25  Carrier  
  99  9:28  Probe, Photon Cannon  
  99  9:29  Probe  
  112  9:32  Pylon  
  112  9:35  Pylon  
  112  9:39  Pylon  
  112  9:40  Stargate  
  112  9:46  Assimilator  
  112  9:50  Assimilator  
  107  10:07  Tempest  
  107  10:09  Photon Cannon  
  107  10:12  Photon Cannon  
  107  10:13  Probe  
  107  10:14  Shield Battery  
  114  10:16  Pylon  
  114  10:19  Pylon  
  113  10:21  Charge  
  113  10:22  Photon Cannon  
  113  10:24  Nexus, Zealot  
  113  10:25  Probe, Phoenix  
  113  10:27  Tempest  
  123  10:29  Phoenix  
  125  10:37  Probe, Observer  
  125  10:41  Protoss Air Weapons Level 2  
  127  10:49  Probe  
  112  10:50  Carrier  
  112  10:51  Zealot  
  118  10:58  Observer  
  118  11:04  Tempest x2  
  116  11:10  Tempest  
  131  11:18  Zealot  
  127  11:20  Observer  
  95  11:50  Zealot  
  86  12:06  Tempest  
  89  12:10  Tempest  
  92  12:20  Zealot  
  86  12:27  Observer  
  67  12:32  Photon Cannon  
  67  12:35  Photon Cannon  
  61  12:38  Photon Cannon  
  61  12:48  Pylon  
  61  12:51  Pylon  
Show
View Real Time Build Order
Export as new Build Order

Massa Terran 

Build Orders: Gas First Reaper Expand, Banshee Rush 

Get SALT Encoding   

  12  0:00  SCV  
  13  0:12  SCV  
  14  0:22  Supply Depot  
  14  0:24  SCV  
  15  0:29  Refinery  
  15  0:43  SCV  
  15  0:45  Barracks  
  16  0:55  SCV  
  17  1:08  SCV  
  18  1:20  SCV  
  19  1:33  Command Center  
  19  1:34  Reaper  
  19  1:38  SCV  
  21  1:50  Supply Depot  
  21  1:51  SCV  
  22  2:06  SCV  
  22  2:08  Factory  
  23  2:12  Marine  
  24  2:18  Orbital Command  
  24  2:30  Refinery  
  24  2:38  Engineering Bay  
  24  2:46  SCV  
  24  2:47  Barracks Tech Lab  
  24  2:50  Orbital Command  
  25  2:58  Starport  
  25  3:00  Factory Tech Lab  
  25  3:03  SCV  
  26  3:09  Marine  
  27  3:15  SCV  
  28  3:22  SCV  
  29  3:27  SCV  
  29  3:32  Factory Tech Lab  
  30  3:34  SCV  
  30  3:35  Missile Turret  
  30  3:37  Marine  
  32  3:42  Banshee  
  32  3:47  SCV x2  
  37  3:51  Cloaking Field  
  37  3:55  Marine  
  38  3:59  SCV x2  
  40  4:11  SCV x2  
  41  4:17  Siege Tank  
  41  4:18  Marine  
  41  4:23  SCV  
  46  4:31  Supply Depot  
  46  4:33  Supply Depot  
  46  4:39  Refinery  
  46  4:48  Missile Turret  
  46  4:51  Missile Turret  
  46  4:52  Banshee, Marine, SCV x2  
  52  4:54  Supply Depot  
  52  4:56  Supply Depot  
  52  5:01  Barracks  
  52  5:04  SCV  
  53  5:08  Terran Infantry Weapons Level 1  
  53  5:10  Marine  
  54  5:16  Command Center  
  54  5:19  Supply Depot  
  54  5:20  SCV x2  
  56  5:28  Missile Turret  
  56  5:33  SCV x2  
  56  5:34  Refinery  
  58  5:36  Siege Tank  
  58  5:39  Medivac  
  63  5:45  SCV x2  
  65  5:50  Marauder  
  65  5:52  Stimpack  
  67  5:57  Barracks Reactor, SCV x2  
  67  6:03  Barracks x2  
  69  6:09  SCV  
  70  6:12  Armory  
  70  6:15  SCV  
  71  6:21  SCV  
  69  6:27  SCV  
  67  6:33  Medivac  
  67  6:34  Marauder, Marine x2  
  73  6:42  Siege Tank  
  76  6:51  Engineering Bay  
  76  6:52  Marine x2  
  78  6:54  Command Center  
  78  6:56  Marauder, Command Center  
  78  6:57  Barracks Tech Lab  
  78  6:58  Barracks Reactor  
  80  7:03  Terran Infantry Armor Level 1  
  80  7:06  SCV x3  
  83  7:10  Marine x2  
  85  7:17  Marauder  
  85  7:18  SCV  
  88  7:28  Orbital Command, Marine x2  
  90  7:30  SCV x2  
  90  7:31  Combat Shield  
  90  7:33  Marauder, Marine x2  
  96  7:37  Concussive Shells  
  96  7:38  Medivac  
  96  7:39  Marauder  
  96  7:42  SCV  
  101  7:50  Missile Turret  
  101  7:51  Sensor Tower  
  101  7:57  Supply Depot x3  
  101  8:00  Supply Depot  
  101  8:05  SCV, Marine x2  
  101  8:06  Marauder  
  101  8:08  Medivac  
  101  8:12  Missile Turret  
  108  8:13  SCV x2  
  108  8:14  SCV x2  
  108  8:18  SCV, Marauder  
  108  8:19  Marine x2  
  117  8:23  Marine, Supply Depot  
  117  8:24  Barracks, Supply Depot  
  117  8:25  SCV  
  117  8:26  SCV x3  
  122  8:27  Marauder  
  124  8:37  Refinery  
  124  8:38  Refinery  
  124  8:40  Marauder  
  126  8:45  Barracks  
  126  8:49  Marauder  
  126  8:52  SCV, Starport Reactor  
  126  8:53  SCV x3  
  132  9:04  SCV  
  132  9:05  SCV x3  
  136  9:11  Sensor Tower, Missile Turret  
  136  9:12  Thor, Missile Turret  
  136  9:14  Missile Turret  
  136  9:16  SCV  
  143  9:17  SCV  
  143  9:21  Terran Infantry Weapons Level 2  
  143  9:22  Terran Infantry Armor Level 2  
  143  9:24  SCV x2  
  146  9:29  SCV x2, Planetary Fortress  
  146  9:30  Missile Turret  
  148  9:33  Terran Vehicle Weapons Level 1  
  148  9:34  Missile Turret  
  148  9:35  Missile Turret  
  148  9:36  Missile Turret  
  148  9:44  SCV x2  
  150  9:47  Refinery  
  150  9:50  Refinery  
  150  10:00  Command Center  
  150  10:05  Sensor Tower  
  150  10:19  Barracks  
  150  10:24  Barracks  
  150  10:29  Barracks, Siege Tank  
  150  10:30  Marauder x2  
  150  10:34  Barracks Tech Lab  
  157  10:39  Factory  
  157  10:46  Factory  
  157  10:51  Marauder  
  157  10:52  Marauder  
  161  11:00  Thor  
  167  11:13  Marauder x2  
  171  11:21  Barracks Reactor  
  171  11:22  Barracks Reactor, Marine x3  
  171  11:23  Marine x3  
  177  11:28  Factory Tech Lab  
  177  11:34  Marine x2  
  174  11:40  Marine  
  174  11:43  Thor  
  173  11:48  Marauder, Marine  
  173  11:49  Marine x2, Thor  
  173  11:50  Factory Tech Lab  
  173  11:52  Marauder x2  
  188  11:59  Medivac x2  
  174  12:22  Marine x8  
  173  12:23  Marine x2  
  177  12:39  Marine  
  177  12:40  Marine  
Tags
 
Add a new tag
Caveats
  • Supply blocks, unpowered buildings, or Contaminate may cause inaccurate times.
  • Supply counts are checked every 10 seconds.